 Dungeon Crawl Stone Soup version 0.18.1-50-g88ac8fd (webtiles) character file.

206 Nordron the Changer (level 5, -5/49 HPs)
             Began as an Octopode Transmuter on Sept 24, 2016.
             Slain by UranusSolar's ghost (9 damage)
             ... on level 4 of the Dungeon.
             The game lasted 00:13:08 (3684 turns).

Nordron the Changer (Octopode Transmuter)           Turns: 3684, Time: 00:13:09

Health: -5/49      AC:  2    Str: 15    XL:     5   Next: 84%
Magic:  6/8        EV: 20    Int: 15    God:
Gold:   139        SH:  0    Dex: 18    Spells: 2 memorised, 4 levels left

rFire  . . .     SeeInvis .       - Unarmed
rCold  . . .     Gourm    .     (shield currently unavailable)
rNeg   + . .     Faith    .     (helmet currently unavailable)
rPois  x         Spirit   .     (no amulet)
rElec  .         Dismiss  .     u - ring of positive energy
rCorr  .         Reflect  .     (no ring)
SustAt .         Harm     .     (no ring)
MR     .....                    (no ring)
Stlth  ..........               (no ring)
                                (no ring)
                                (no ring)
                                (no ring)

@: berserking, spider-form, very quick, not resistant to hostile enchantments,
extremely unstealthy
A: almost no armour, (amphibious), 8 rings, (constrict 8), (camouflage 0),
(gelatinous body 0)
a: End Transformation


You were on level 4 of the Dungeon.
You were hungry.
You were a venomous arachnid creature.
You visited 1 branch of the dungeon, and saw 4 of its levels.

You collected 139 gold pieces.

Inventory:

Hand Weapons
 e - a +5 dagger (melded)
 w - a +2 hand axe of chopping
 x - a +2 whip of freezing
Missiles
 a - 12 arrows
Jewellery
 m - an uncursed ring of ice
 u - a ring of positive energy (left front leg)
Scrolls
 g - 2 scrolls of identify
 n - a scroll of teleportation {unknown}
 o - a scroll of random uselessness {unknown}
 p - a scroll of enchant armour {unknown}
 r - a scroll of noise {unknown}
 s - a scroll of amnesia {unknown}
 v - a scroll of recharging {unknown}
Potions
 d - 2 potions of might
 f - a potion of cancellation {unknown}
 h - a potion of berserk rage
 i - a potion of curing {unknown}
 j - a potion of flight {unknown}
 k - 2 potions of lignification {unknown}
 q - a potion of heal wounds {unknown}
 t - a potion of brilliance {unknown}
Books
 b - a book of Changes

   Spells                             Type                      Level
   a - Beastly Appendage              Transmutation                1
   b - Sticks to Snakes               Transmutation                2
   c - Spider Form                    Transmutation/Poison         3
   d - Ice Form                       Ice/Transmutation            4
   e - Blade Hands                    Transmutation                5
Comestibles
 c - 3 bread rations
 l - a beef jerky


   Skills:
 - Level 1.0 Fighting
 - Level 2.0 Dodging
 - Level 3.0 Unarmed Combat
 - Level 2.0 Spellcasting
 * Level 5.9 Transmutations


You had 4 spell levels left.
You knew the following spells:

 Your Spells              Type           Power        Failure   Level  Hunger
a - Beastly Appendage     Trmt           ###...       8%          1    #......
b - Spider Form           Trmt/Pois      ##........   45%         3    ###....


Dungeon Overview and Level Annotations

Branches:
Dungeon (4/15)
 Temple: D:4-7

Altars:
Qazlal
Yredelemnul

Annotations:
D:4 UranusSolar's ghost, novice HEWz


Innate Abilities, Weirdness & Mutations

You cannot wear most types of armour.
((You are amphibious.))
You can wear up to eight rings at the same time.
((You can use your tentacles to constrict eight enemies at once.))
((Your skin changes colour to match your surroundings (Stealth).))
((Your rubbery body absorbs attacks (AC +1).))


Message History

You hit UranusSolar's ghost.
UranusSolar's ghost is moderately damaged.
UranusSolar's ghost casts a spell at you.
The magic dart hits you!
You hit UranusSolar's ghost.
UranusSolar's ghost is moderately damaged.
UranusSolar's ghost misses you.
You completely miss UranusSolar's ghost.
UranusSolar's ghost is moderately damaged.
UranusSolar's ghost hits you.
* * * LOW HITPOINT WARNING * * *
x2 You hit UranusSolar's ghost.
UranusSolar's ghost is heavily damaged.
UranusSolar's ghost hits you.
* * * LOW HITPOINT WARNING * * *
x2 Drink which item? (? for menu, Esc to quit)
It was a potion of berserk rage.
A red film seems to cover your vision as you go berserk!
You feel yourself moving faster!
You feel mighty! UranusSolar's ghost hits you!
You die...

#.######## ....
##.......##...#
#.............#
#.......(.....#
..............#
..............##
...>...<.......##
................#
........Ws......#
..........$))...#
.................#
.............!...#
.................#
.................#
................#
..............##


You could see UranusSolar's ghost.

Vanquished Creatures
  An orc wizard (D:1)
  A worker ant (D:3)
  5 adders
  3 oozes (D:1)
  3 dart slugs
  6 orcs
  4 giant cockroaches
  8 hobgoblins
  13 jackals
  A quokka (D:3)
  8 bats
  3 giant newts
  9 goblins
  11 kobolds
  7 rats
83 creatures vanquished.

Notes
Turn   | Place    | Note
--------------------------------------------------------------
     0 | D:1      | Nordron the Octopode Transmuter began the quest for the Orb.
     0 | D:1      | Reached XP level 1. HP: 13/13 MP: 3/3
   182 | D:1      | Reached XP level 2. HP: 15/18 MP: 1/5
   198 | D:1      | Reached skill level 3 in Transmutations
   571 | D:1      | Reached XP level 3. HP: 16/23 MP: 4/6
   949 | D:1      | Reached skill level 4 in Transmutations
   949 | D:1      | Reached XP level 4. HP: 14/28 MP: 5/7
  1314 | D:1      | Learned a level 3 spell: Spider Form
  2139 | D:2      | Reached skill level 5 in Transmutations
  2151 | D:2      | Reached XP level 5. HP: 31/33 MP: 8/8
  2894 | D:3      | Found a basalt altar of Yredelemnul.
  2895 | D:3      | Found a stormy altar of Qazlal.
  3673 | D:4      | Noticed UranusSolar's ghost (novice HEWz)
  3684 | D:4      | Slain by UranusSolar's ghost

Skill      XL: |  1  2  3  4 |
---------------+-------------+-----
Transmutations | 3 4 5 |  5.9
Fighting       | |  1.0
Dodging        | |  2.0
Unarmed Combat | |  3.0
Spellcasting   | |  2.0

Action                   |  1- 3 |  4- 6 || total
-------------------------+-------+-------++-------
Melee: Unarmed           |     6 |     6 ||    12
       Dagger            |    55 |   121 ||   176
       Constrict         |    12 |    31 ||    43
       Kick              |    15 |    26 ||    41
       Tentacles         |     9 |    14 ||    23
       Punch             |     1 |     2 ||     3
 Cast: Beastly Appendage |    17 |    25 ||    42
       Spider Form       |       |     1 ||     1
  Use: Scroll            |       |     3 ||     3
       Potion            |       |     1 ||     1
 Stab: Sleeping          |     5 |     4 ||     9
  Eat: Chunk             |       |     9 ||     9
Armor: Skin              |     2 |     9 ||    11
Dodge: Dodged            |    28 |    75 ||   103
